Description

zxc

VOD

https://www.youtube.com/watch?v=joMDyi9sNPw

Replay - Top 10 Protoss Cheeses PvZ Cannon Rush into 2 Gate Game 6

Build Order

Get SALT Encoding   

  12  0:00  Probe  
  13  0:15  Pylon  
  13  0:18  Probe  
  14  0:30  Probe  
  15  0:36  Forge  
  15  0:42  Probe  
  16  0:57  Pylon  
  16  1:13  Pylon x3  
  16  1:19  Photon Cannon  
  16  1:30  Photon Cannon  
  16  1:38  Gateway  
  16  1:40  Probe  
  16  1:46  Assimilator  
  17  1:51  Assimilator  
  17  1:54  Probe  
  18  2:07  Probe  
  19  2:19  Probe  
  20  2:25  Cybernetics Core  
  20  2:31  Probe  
  20  2:34  Gateway  
  21  2:45  Probe  
  22  2:54  Stalker  
  24  3:11  Stalker x2  
  23  3:19  Photon Cannon  
  23  3:24  Shield Battery  
  27  3:35  Stalker  
  27  3:46  Stalker  
  31  3:53  Shield Battery  
  31  4:00  Shield Battery  
  31  4:12  Shield Battery x2  
  31  4:16  Stalker  
  31  4:17  Shield Battery x2  
  32  4:30  Stalker  
  34  4:43  Stalker  
  34  4:55  Shield Battery x2  
Spawning Tool Build Advisor. Get it on Overwolf

Analysis

zxc

Go to:

Details

  • Created by: Pose1don
  • Published on: Oct 14, 2019
  • Modified on: Oct 14, 2019
  • Patch: 4.7.1
Show
View Real Time Build Order
Export as new Build Order

Comments (0)

There are no comments. Be the first!

Create an account to comment!